 Dungeon Crawl Stone Soup version 0.23-a0-151-gf6d1ed2 (webtiles) character file.

106871 iamserjio the Nimble (level 17, -1/100 HPs)
             Began as a Kobold Wanderer on Sept 7, 2018.
             Was a High Priest of Sif Muna.
             Slain by the 27-headed Lernaean hydra (2 damage)
             ... on level 4 of the Swamp on Sept 8, 2018.
             The game lasted 03:24:35 (51714 turns).

iamserjio the Nimble (Kobold Wanderer)             Turns: 51714, Time: 03:24:35

Health: -1/100     AC: 12    Str:  7    XL:     17   Next: 0%
Magic:  12/34      EV: 25    Int: 23    God:    Sif Muna [*****.]
Gold:   1505       SH:  0    Dex: 14    Spells: 4/42 levels left

rFire    + . .     SeeInvis .   H - +3 hunting sling of Vumaf {venom, +Blink rF+ MR+ Int-4}
rCold    . . .     Gourm    .   (shield restricted)
rNeg     . . .     Faith    .   K - +0 steam dragon scales
rPois    +         Spirit   .   n - +2 hat {MR+}
rElec    .         Reflect  .   I - +1 cloak {+Inv}
rCorr    .         Harm     .   A - +2 pair of gloves
MR       +....                  (no boots)
Stlth    ++........             D - amulet of magic regeneration
HPRegen  0.26/turn              d - +6 ring of intelligence
MPRegen  0.49/turn              z - ring of poison resistance

@: vulnerable, very slightly contaminated, divine energy
A: small, carnivore, weak 1
a: Stop Divine Energy, Channel Magic, Forget Spell, Renounce Religion, Evoke
Blink, Evoke Invisibility


You were on level 4 of the Swamp.
You worshipped Sif Muna.
Sif Muna was extremely pleased with you.
You were full.

You visited 4 branches of the dungeon, and saw 27 of its levels.

You collected 3210 gold pieces.
You spent 1705 gold pieces at shops.

Inventory:

Hand Weapons
 a - a +4 scimitar of flaming
 H - the +3 hunting sling of Vumaf (weapon) {venom, +Blink rF+ MR+ Int-4}
   (You found it on level 10 of the Dungeon)

   It poisons the ammo it fires.
   It affects your intelligence (-4).
   It protects you from fire.
   It affects your resistance to hostile enchantments.
   It lets you blink.
Missiles
 s - a throwing net (quivered) {!f}
Armour
 n - a +2 hat of magic resistance (worn)
 A - a +2 pair of gloves (worn)
 I - a +1 cloak of invisibility (worn)
 K - +0 steam dragon scales (worn)
 S - the +2 cloak "Dowakhotz" {rC+ Str+5}
   (You found it on level 12 of the Dungeon)

   It affects your strength (+5).
   It protects you from cold.
Magical Staves
 L - an uncursed staff of earth
Jewellery
 d - a +6 ring of intelligence (left hand)
 e - an uncursed ring of protection from magic
 m - an uncursed amulet of the acrobat
 p - an uncursed ring of resist corrosion
 z - a ring of poison resistance (right hand)
 C - an uncursed ring of see invisible
 D - an amulet of magic regeneration (around neck)
 Q - an uncursed ring of protection from fire
 R - a cursed amulet of regeneration
 Z - a cursed +4 amulet of reflection
Wands
 o - a wand of acid (7)
 J - a wand of digging (12)
Scrolls
 c - 2 scrolls of identify {@r1}
 g - 14 scrolls of teleportation
 j - 4 scrolls of enchant armour
 k - 4 scrolls of remove curse {@r2}
 w - 2 scrolls of holy word
 x - a scroll of vulnerability
 y - 5 scrolls of fog
 E - 2 scrolls of acquirement
 O - a scroll of silence
 P - 3 scrolls of magic mapping
 U - 5 scrolls of immolation
 V - a scroll of blinking
Potions
 b - 5 potions of might
 i - 2 potions of flight
 l - 11 potions of curing {@q1}
 q - 5 potions of cancellation
 u - a potion of ambrosia
 v - a potion of resistance
 B - 2 potions of lignification
 F - 3 potions of mutation
 G - 7 potions of brilliance
 W - 2 potions of haste
 Y - 3 potions of invisibility
Miscellaneous
 h - a lightning rod (4/4)
 M - a fan of gales
 N - a lamp of fire
 T - a phial of floods (inert)
Comestibles
 f - 50 rations


   Skills:
 - Level 9.0 Fighting
   Level 2.6 Short Blades
 - Level 14.0 Dodging
 - Level 1.3 Stealth
 * Level 13.0 Spellcasting
 - Level 12.0 Conjurations
   Level 1.0 Hexes
 + Level 13.3 Summonings
 - Level 2.0 Necromancy
 + Level 8.9 Translocations
 - Level 4.0 Air Magic
 - Level 3.0 Earth Magic
 - Level 3.0 Poison Magic
 - Level 5.0 Invocations
 - Level 5.0 Evocations


You had 4 spell levels left.
You knew the following spells:

 Your Spells              Type           Power        Failure   Level  Hunger
a - Stone Arrow           Conj/Erth      #####.       1%          3    None
b - Mephitic Cloud        Conj/Pois/Air  #####...     1%          3    None
c - Passwall              Tmut/Erth      ###.....     3%          2    None
d - Animate Skeleton      Necr           N/A          1%          1    None
e - Apportation           Tloc           ######       1%          1    None
f - Iskenderun's Mystic   Conj           ######..     1%          4    None
g - Summon Lightning Spi  Summ/Air       ######..     1%          4    None
h - Blink                 Tloc           N/A          1%          2    None
i - Summon Forest         Summ/Tloc      ######....   1%          5    ###....
j - Malign Gateway        Summ/Tloc      ######....   36%         7    ######.
k - Shadow Creatures      Summ           N/A          2%          6    #####..

Your spell library contained the following spells:

 Spells                   Type           Power        Failure   Level  Hunger
 Flame Tongue             Conj/Fire      #####        1%          1    None
 Magic Dart               Conj           ####         1%          1    None
 Sandblast                Erth           ####..       1%          1    None
 Sting                    Conj/Pois      ####         1%          1    None
 Summon Small Mammal      Summ           ####         1%          1    None
 Call Imp                 Summ           ######..     1%          2    None
 Poisonous Vapours        Pois/Air       ####..       1%          2    None
 Searing Ray              Conj           ######       1%          2    None
 Throw Frost              Conj/Ice       #####.       1%          2    None
 Call Canine Familiar     Summ           ######..     1%          3    None
 Conjure Flame            Conj/Fire      #####...     1%          3    None
 Dazzling Spray           Conj/Hex       #####.       1%          3    None
 Recall                   Summ/Tloc      N/A          1%          3    None
 Static Discharge         Conj/Air       ######..     1%          3    None
 Summon Guardian Golem    Hex/Summ       #####...     1%          3    None
 Force Lance              Conj/Tloc      ######..     1%          4    None
 Confusing Touch          Hex            ###...       2%          1    None
 Fulminant Prism          Conj/Hex       #####.....   2%          4    None
 Summon Ice Beast         Ice/Summ       #####...     2%          4    None
 Throw Icicle             Conj/Ice       #####...     3%          4    None
 Freeze                   Ice            ##..         4%          1    None
 Slow                     Hex            ###.....     4%          2    None
 Ozocubu's Armour         Chrm/Ice       ##......     12%         3    None
 Olgreb's Toxic Radiance  Pois           ####....     12%         4    None
 Leda's Liquefaction      Hex/Erth       ###.......   19%         4    None
 Petrify                  Tmut/Erth      ###.....     22%         4    None
 Ice Form                 Ice/Tmut       ##......     38%         4    None
 Summon Demon             Summ           ######....   1%          5    ###....
 Lightning Bolt           Conj/Air       ######....   4%          5    ###....
 Venom Bolt               Conj/Pois      #####.....   5%          5    ###....
 Bolt of Magma            Conj/Fire/Erth #####.....   14%         5    ###....
 Summon Greater Demon     Summ           ######....   14%         7    ######.
 Conjure Ball Lightning   Conj/Air       ######....   24%         6    #####..
 Orb of Destruction       Conj           ######....   26%         7    ######.
 Iron Shot                Conj/Erth      #####.....   28%         6    #####..
 Lee's Rapid Deconstruct  Erth           ####......   32%         5    ###....
 Silence                  Hex/Air        ####......   38%         5    ###....
 Bolt of Fire             Conj/Fire      #####.....   47%         6    #####..
 Haunt                    Necr/Summ      ######....   83%         7    ######.
 Statue Form              Tmut/Erth      ###......    98%         6    #####..
 Death's Door             Chrm/Necr      ###.......   100%        8    #######
 Lehudib's Crystal Spear  Conj/Erth      #####.....   100%        8    #######
 Dragon's Call            Summ           ######....   100%        9    #######
 Shatter                  Erth           ####......   100%        9    #######


Dungeon Overview and Level Annotations

Branches:
Dungeon (15/15)            Temple (0/1) D:5            Lair (6/6) D:9
  Swamp (4/4) Lair:2       Spider (0/4) Lair:2        Slime (0/5) Lair:6
    Orc (2/2) D:9             Elf (0/3) Orc:2        Vaults (0/5) D:14
 Depths (0/5) D:15

Altars:
Cheibriados
Dithmenos
Elyvilon
Gozag
Makhleb
Nemelex Xobeh
Ru
Sif Muna
Vehumet
Yredelemnul
The Shining One
Beogh

Shops:
D:10 ?   D:15 =}=   Orc:2 :%([

Annotations:
D:12 exclusion: 2 obsidian statues
Swamp:4 Lernaean hydra


Innate Abilities, Weirdness & Mutations

You are small and have problems with some larger weapons.
You are carnivorous and can eat meat at any time.
You are weak. (Str -2)


Message History

Aiming: Iskenderun's Mystic Blast (safe; 1% risk of failure)
Aim: the 27-headed Lernaean hydra (severely wounded, susceptible to hostile
Okay, then.
Unknown command.
You fail to use your ability.
The 27-headed Lernaean hydra bites you! x2
* * * LOW HITPOINT WARNING * * *
The 27-headed Lernaean hydra bites you.
* * * LOW HITPOINT WARNING * * *
The 27-headed Lernaean hydra bites you!
* * * LOW HITPOINT WARNING * * *
The 27-headed Lernaean hydra bites you.
* * * LOW HITPOINT WARNING * * *
The 27-headed Lernaean hydra completely misses you.
The 27-headed Lernaean hydra bites you.
* * * LOW HITPOINT WARNING * * *
The 27-headed Lernaean hydra bites you!
* * * LOW HITPOINT WARNING * * *
The 27-headed Lernaean hydra bites you.
You die...

≈≈≈≈≈≈.♣≈≈.≈≈≈≈≈.♣♣
≈≈≈≈≈.≈♣≈..≈≈≈≈≈≈≈♣
≈≈.≈≈..≈♣♣.≈≈≈≈≈≈≈♣
≈≈..≈≈....♣≈≈≈≈≈≈♣♣
≈≈.♣♣♣≈.≈≈≈≈≈≈≈≈≈≈♣♣
≈≈.♣ ♣♣...≈≈≈≈≈≈≈≈≈♣
≈≈≈..♣§.≈.≈≈≈≈≈≈≈8♣♣
.≈...♣.≈≈≈≈≈≈≈≈≈≈♣♣♣
...♣♣♣≈≈..≈≈≈≈.D@.≈♣♣
≈≈♣♣ ♣.≈§...♣♣≈♣.≈.≈♣
♣♣♣♣ ≈♣♣
♣♣♣....♣♣.....≈♣♣≈≈≈♣
♣♣ ♣♣≈...
♣≈≈[≈..≈≈≈≈♣
♣.≈≈≈.♣♣.≈≈...≈≈.♣
♣..≈≈≈≈[♣♣≈[§≈≈≈.♣
♣♣.≈≈≈≈≈.♣♣♣♣.≈§.♣
♣♣♣♣♣♣
♣♣..≈≈≈.♣≈♣♣...♣♣
≈≈≈..♣♣♣♣≈≈♣≈≈≈.♣
♣.≈.♣


You could see the 27-headed Lernaean hydra and a friendly lightning spire.

Vanquished Creatures
  Frances (Swamp:1)
  Kirke (D:12)
  2 ogre magi (D:13)
  An ice dragon (D:15)
  A vault guard (D:14)
  10 hydras
  A merfolk avatar (Lair:6)
  A ghost crab (Swamp:3)
  Erica (D:9)
  9 alligators
  5 centaur warriors
  4 two-headed ogres
  2 death yaks (Lair:6)
  3 fire crabs (Lair:4)
  5 swamp dragons
  3 unseen horrors
  3 deep elf magi (D:13)
  2 orc sorcerers
  2 cyclopes
  4 manticores
  4 ugly things
  2 elephants (Lair:6)
  A black mamba (Lair:3)
  A naga mage (D:13)
  A torpor snail (Lair:2)
  2 gargoyles
  7 spiny frogs
  4 rime drakes
  2 centaur skeletons
  8 komodo dragons
  A kobold demonologist (D:11)
  2 efreet
  2 wind drakes
  3 polar bears (Lair:6)
  Prince Ribbit (D:6)
  4 trolls
  4 tyrant leeches
  12 bog bodies
  3 hornets
  A meliai zombie (D:15)
  7 hippogriffs
  5 blink frogs
  A dream sheep (Lair:6)
  4 slime creatures (Swamp:3)
  Sigmund (D:3)
  A tarantella (shapeshifter) (D:14)
  A shadow (Swamp:4)
  3 vampires
  2 centaur simulacra
  3 wyverns
  3 basilisks
  Eustachio (D:6)
  30 yaks
  2 steam dragons
  4 vampire mosquitoes
  Menkaure (D:4)
  5 wargs
  11 swamp worms
  11 water moccasins
  2 floating eyes (D:10)
  5 porcupines
  9 swamp drakes
  4 sky beasts
  4 ice beasts
  10 orc warriors
  5 ogres
  A black bear (D:10)
  A necrophage (D:4)
  A phantom (D:8)
  5 wolves
  15 centaurs
  6 crocodiles
  2 big kobolds
  Blork the orc (D:5)
  8 bullfrogs
  A water moccasin zombie (D:8)
  A wyvern zombie (D:13)
  4 scorpions
  A wyvern skeleton (D:6)
  9 killer bees
  7 wights
  2 howler monkeys
  5 crimson imps
  2 bullfrog zombies
  A quasit (D:8)
  2 centaur zombies
  7 hounds
  5 jellies
  8 orc priests
  2 bullfrog skeletons
  Terence (D:3)
  8 worker ants
  4 iguanas
  A killer bee zombie (D:7)
  18 orc wizards
  A hound zombie (D:5)
  A worker ant zombie (D:10)
  11 gnolls
  A howler monkey skeleton (D:5)
  14 adders
  2 shadow imps
  3 oozes
  An adder zombie (D:9)
  An adder skeleton (D:5)
  3 worms
  A dart slug (D:3)
  A leopard gecko (D:1)
  68 orcs
  12 bats
  4 giant cockroaches
  7 hobgoblins
  14 jackals
  3 quokkas
  3 ball pythons (D:4)
  7 frilled lizards
  3 goblins (D:3)
  16 kobolds
  A leopard gecko skeleton (D:4)
  A quokka skeleton (D:4)
  11 rats
  2 fungi
  A plant (Lair:2)
583 creatures vanquished.

Vanquished Creatures (collateral kills)
  Roxanne (Swamp:2)
  A thorn hunter (Swamp:3)
  The ghost of Nib the Reanimator, a journeyman DsNe of Gozag (Lair:6)
  The ghost of Vyulus the Nimble, a journeyman HaHu of Dithmenos (D:14)
  Nessos (D:12)
  An ice dragon (D:15)
  2 ogre magi
  Josephine (D:11)
  2 ghost crabs
  A two-headed ogre (D:15)
  3 centaur warriors
  11 hydras
  3 alligators
  A death knight (D:14)
  2 death yaks (Lair:6)
  An orc high priest (Orc:1)
  A fire crab (Lair:4)
  A spriggan druid (Swamp:4)
  4 swamp dragons
  A sea snake (Lair:6)
  A wizard (D:15)
  7 orc sorcerers (Orc:2)
  7 ugly things
  2 orc knights
  2 deep elf magi
  A manticore (D:15)
  4 cyclopes
  2 centaur zombies
  4 elephants
  Maurice (D:13)
  3 centaur skeletons
  The ghost of chonchonts the Chopper, a novice DsFi (D:5)
  7 spiny frogs
  7 komodo dragons
  A rime drake (Lair:6)
  6 trolls
  3 polar bears
  4 hornets
  6 blink frogs
  2 tyrant leeches
  A dream sheep (Lair:6)
  A bog body (Swamp:1)
  A meliai zombie (D:15)
  3 hippogriffs
  2 slime creatures (Swamp:3)
  2 spriggans (Swamp:4)
  5 wraiths
  28 yaks
  A hungry ghost (D:14)
  2 wyverns
  4 hogs (D:12)
  A basilisk (Lair:6)
  A steam dragon (shapeshifter) (D:13)
  4 vampire mosquitoes
  3 wargs (Orc:2)
  2 swamp worms
  Edmund (D:9)
  3 insubstantial wisps (Swamp:4)
  A soldier ant (D:9)
  7 water moccasins
  An acid dragon (D:11)
  4 swamp drakes
  A porcupine (Lair:1)
  15 orc warriors
  A hornet zombie (D:14)
  An ice beast (D:10)
  An eye of draining (D:13)
  12 centaurs
  2 ogres
  5 wolves
  4 crocodiles
  2 bullfrogs
  A killer bee (D:10)
  5 wights
  A crimson imp (D:13)
  4 quasits (D:5)
  A hound (D:12)
  A bullfrog skeleton (D:11)
  7 orc priests
  A jelly (D:10)
  22 orc wizards
  A worker ant (D:13)
  3 gnolls (Orc:1)
  An adder (D:12)
  2 shadow imps
  A leopard gecko (D:11)
  24 orcs
  4 fungi (Swamp:3)
  A plant (Lair:6)
313 creatures vanquished.

Vanquished Creatures (others)
  2 rime drakes (Lair:6)
  2 dream sheep (Lair:6)
  2 swamp drakes
  4 crocodiles (Lair:6)
  An orc (D:13)
  10 fulminant prisms
  33 fungi
  12 plants
  2 snaplasher vines
68 creatures vanquished.

Grand Total: 964 creatures vanquished

Notes
Turn   | Place    | Note
-------+----------+-------------------------------------------
     0 | D:1      | iamserjio the Kobold Wanderer began the quest for the Orb.
     0 | D:1      | iamserjio set off with: a +0 short sword, a wand of random
                  | effects (15), a +0 robe, a ration
     0 | D:1      | Reached XP level 1. HP: 12/12 MP: 2/2
     2 | D:1      | Learned a level 1 spell: Sting
   293 | D:1      | Reached XP level 2. HP: 17/17 MP: 0/4
   607 | D:1      | Reached XP level 3. HP: 20/21 MP: 2/5
   942 | D:2      | Reached skill level 1 in Conjurations
  1520 | D:1      | Learned a level 3 spell: Mephitic Cloud
  1523 | D:1      | Learned a level 2 spell: Poisonous Vapours
  1558 | D:2      | Reached XP level 4. HP: 16/26 MP: 1/7
  2274 | D:3      | Noticed Sigmund
  2284 | D:3      | Killed Sigmund
  2284 | D:3      | Reached skill level 2 in Dodging
  2284 | D:3      | Reached XP level 5. HP: 15/30 MP: 2/8
  2284 | D:3      | Reached XP level 6. HP: 17/35 MP: 2/9
  2510 | D:3      | Noticed Terence
  2525 | D:3      | Killed Terence
  2525 | D:3      | Reached skill level 3 in Dodging
  3364 | D:3      | Noticed an ogre
  3372 | D:3      | Killed an ogre
  3372 | D:3      | Reached skill level 4 in Dodging
  3372 | D:3      | Reached XP level 7. HP: 40/40 MP: 0/10
  4211 | D:4      | Noticed Menkaure
  4229 | D:4      | Killed Menkaure
  4229 | D:4      | Reached skill level 5 in Dodging
  4336 | D:4      | Reached XP level 8. HP: 20/46 MP: 5/12
  4624 | D:4      | Found a deep blue altar of Sif Muna.
  4624 | D:4      | Found a radiant altar of Vehumet.
  4625 | D:4      | Found a basalt altar of Yredelemnul.
  4628 | D:4      | Found a white marble altar of Elyvilon.
  4632 | D:4      | Became a worshipper of Sif Muna the Loreminder
  4637 | D:4      | Found a burning altar of Makhleb.
  5565 | D:5      | Entered Level 5 of the Dungeon
  5565 | D:5      | Noticed Blork the orc
  5574 | D:5      | Killed Blork the orc
  5799 | D:5      | Reached skill level 5 in Conjurations
  5903 | D:5      | Reached skill level 6 in Dodging
  6134 | D:5      | Found a transporter.
  6319 | D:5      | Noticed chonchonts's ghost (novice DsFi)
  6325 | D:5      | Found a transporter.
  6389 | D:5      | Found a staircase to the Ecumenical Temple.
  6402 | D:5      | Found a shadowy altar of Dithmenos.
  6788 | D:5      | Reached XP level 9. HP: 20/52 MP: 1/15
  6809 | D:5      | Reached * piety under Sif Muna
  6809 | D:5      | Reached skill level 7 in Dodging
  7288 | D:6      | Noticed Prince Ribbit
  7377 | D:6      | Noticed Eustachio
  7384 | D:6      | Killed Eustachio
  7922 | D:6      | Reached skill level 8 in Dodging
  7985 | D:6      | Killed Prince Ribbit
  8516 | D:6      | Found a snail-covered altar of Cheibriados.
  8516 | D:6      | Found a glowing golden altar of the Shining One.
  9429 | D:7      | Found an opulent altar of Gozag.
 10099 | D:8      | Learned a level 1 spell: Animate Skeleton
 10101 | D:8      | Learned a level 1 spell: Apportation
 10215 | D:8      | Reached XP level 10. HP: 38/58 MP: 9/16
 10513 | D:8      | You fall through a shaft!
 10513 | D:9      | Noticed Erica
 10519 | D:9      | Killed Erica
 10519 | D:9      | Reached skill level 9 in Dodging
 10683 | D:9      | Noticed a gargoyle
 10690 | D:9      | Killed a gargoyle
 10829 | D:9      | Reached skill level 10 in Dodging
 12479 | D:9      | Found a staircase to the Orcish Mines.
 12503 | D:9      | Noticed Edmund
 13182 | D:9      | Found a staircase to the Lair.
 13273 | D:10     | Entered Level 10 of the Dungeon
 13273 | D:10     | Noticed a two-headed ogre
 13285 | D:10     | Killed a two-headed ogre
 13285 | D:10     | Reached skill level 11 in Dodging
 13285 | D:10     | Reached XP level 11. HP: 51/68 MP: 6/17
 13599 | D:10     | Noticed an unseen horror
 13623 | D:10     | Killed an unseen horror
 13623 | D:10     | Reached ** piety under Sif Muna
 13730 | D:10     | Paralysed by a floating eye for 4 turns
 13737 | D:10     | Paralysed by a floating eye for 4 turns
 13813 | D:10     | Reached skill level 12 in Dodging
 14197 | D:10     | Got a steaming hunting sling
 14230 | D:10     | Identified the +3 hunting sling of Vumaf {venom, +Blink rF+
                  | MR+ Int-4} (You found it on level 10 of the Dungeon)
 14858 | D:10     | Found Qestomoduola's Magic Scroll Shop.
 14919 | D:10     | Bought a scroll of fog for 20 gold pieces
 14919 | D:10     | Bought a scroll of blinking for 75 gold pieces
 14919 | D:10     | Bought a scroll of fear for 35 gold pieces
 14919 | D:10     | Bought a scroll of immolation for 35 gold pieces
 14919 | D:10     | Bought a scroll of identify for 20 gold pieces
 14919 | D:10     | Bought a scroll of identify for 20 gold pieces
 14921 | D:10     | Bought a scroll of teleportation for 30 gold pieces
 15064 | D:10     | Learned a level 4 spell: Iskenderun's Mystic Blast
 15069 | D:10     | Learned a level 4 spell: Summon Lightning Spire
 15096 | D:11     | Noticed a two-headed ogre
 15121 | D:11     | Killed a two-headed ogre
 15392 | D:11     | Noticed a purple ugly thing
 15489 | D:11     | Noticed Josephine
 15771 | D:11     | Noticed a green ugly thing
 15800 | D:11     | Killed a green ugly thing
 15893 | D:11     | Noticed a manticore
 15895 | D:11     | Noticed a sun demon
 15905 | D:11     | Noticed a soul eater
 16096 | D:11     | Noticed a cyclops
 16146 | Lair:1   | Entered Level 1 of the Lair of Beasts
 16497 | Lair:1   | Reached skill level 13 in Dodging
 16551 | Lair:1   | Reached *** piety under Sif Muna
 16551 | Lair:1   | Reached XP level 12. HP: 73/73 MP: 16/18
 16620 | Lair:1   | Noticed an eight-headed hydra
 16640 | Lair:1   | Killed an eight-headed hydra
 16903 | Lair:1   | Reached skill level 5 in Summonings
 16904 | Lair:1   | Reached skill level 5 in Spellcasting
 17755 | Lair:1   | Identified 2 scrolls of acquirement
 18000 | Lair:1   | Reached **** piety under Sif Muna
 18778 | Lair:2   | Found a staircase to the Swamp.
 18873 | Lair:2   | Found a hole to the Spider Nest.
 19339 | Lair:3   | Reached skill level 1 in Invocations
 21048 | Lair:4   | Noticed a fire crab
 21061 | Lair:4   | Killed a fire crab
 21500 | Lair:4   | Reached XP level 13. HP: 78/79 MP: 25/25
 21935 | Lair:4   | Found a runed door.
 23588 | Lair:6   | Entered Level 6 of the Lair of Beasts
 23591 | Lair:6   | Noticed a seven-headed hydra
 23605 | Lair:6   | Killed a seven-headed hydra
 23680 | Lair:6   | Found a runed door.
 23698 | Lair:6   | Found a dark tunnel.
 24181 | Lair:5   | Reached skill level 14 in Dodging
 25242 | Lair:5   | Reached skill level 10 in Spellcasting
 25245 | Lair:5   | Reached ***** piety under Sif Muna
 25329 | Lair:5   | Identified Sif Muna's Volume of the Deaths (Sif Muna gifted
                  | it to you on level 5 of the Lair of Beasts)
 25329 | Lair:5   | Received a gift from Sif Muna
 26145 | Lair:6   | Noticed Nib's ghost (journeyman DsNe)
 26259 | Lair:6   | Found a staircase to the Slime Pits.
 26652 | Lair:6   | Noticed a merfolk avatar
 26663 | Lair:6   | Killed a merfolk avatar
 26870 | Lair:6   | Reached XP level 14. HP: 86/86 MP: 24/28
 26889 | Lair:6   | Reached skill level 5 in Invocations
 27502 | Lair:6   | Killed Nib's ghost
 28965 | D:9      | Killed Edmund
 29171 | D:5      | Killed chonchonts's ghost
 29280 | D:9      | Paralysed by a hornet for 3 turns
 29924 | D:11     | Killed Josephine
 30269 | D:11     | Learned a level 4 spell: Fulminant Prism
 30598 | D:12     | Identified Wuushege's Reference Book on the Boosting Escort
                  | (Sif Muna gifted it to you on level 12 of the Dungeon)
 30598 | D:12     | Received a gift from Sif Muna
 30661 | D:12     | Reached skill level 1 in Hexes
 31225 | D:12     | Noticed Kirke
 31313 | D:12     | Noticed Nessos
 31320 | D:12     | Killed Kirke
 31320 | D:12     | Reached skill level 10 in Conjurations
 31322 | D:12     | Killed Nessos
 32047 | D:12     | Got a fine cloak
 32053 | D:12     | Identified the +2 cloak "Dowakhotz" {rC+ Str+5} (You found
                  | it on level 12 of the Dungeon)
 32759 | D:13     | Noticed Maurice
 32797 | D:13     | Killed Maurice
 33819 | D:13     | Learned a level 3 spell: Stone Arrow
 34344 | D:13     | Got a polished leather armour
 34355 | D:13     | Identified the +1 leather armour "Egiq" {*Slow rElec Regen+
                  | Dex+6} (You took it off a deep elf mage on level 13 of the
                  | Dungeon)
 34402 | D:13     | Found the +12 glaive of Prune {chop}
 34528 | D:13     | Learned a level 2 spell: Passwall
 34647 | D:14     | Reached skill level 1 in Earth Magic
 34667 | D:14     | Reached XP level 15. HP: 59/90 MP: 23/31
 34764 | D:14     | Reached skill level 1 in Translocations
 35486 | D:14     | Identified Sif Muna's Papyrus of Supportive Snow (Sif Muna
                  | gifted it to you on level 14 of the Dungeon)
 35486 | D:14     | Received a gift from Sif Muna
 36053 | D:14     | Found a sparkling altar of Nemelex Xobeh.
 36261 | D:14     | Found a gate to the Vaults.
 36318 | D:14     | Found a runed door.
 36319 | D:14     | Noticed Vyulus's ghost (journeyman HaHu)
 36350 | D:14     | Killed Vyulus's ghost
 36965 | D:14     | Learned a level 5 spell: Summon Forest
 36992 | D:15     | Entered Level 15 of the Dungeon
 37324 | D:15     | Found Xeixto Kaup's Jewellery Emporium.
 37337 | D:15     | Found Oxeufer's Gadget Boutique.
 38019 | D:15     | Identified the cursed +1 war axe of Bonin {venom, rC+ MP+9}
                  | (You found it on level 15 of the Dungeon)
 38085 | D:15     | Found a staircase to the Depths.
 38118 | D:15     | Reached skill level 5 in Translocations
 39191 | D:15     | Found Deenub's Jewellery Boutique.
 39495 | D:15     | Found a sacrificial altar of Ru.
 39519 | D:15     | Learned a level 7 spell: Malign Gateway
 39671 | Orc:1    | Entered Level 1 of the Orcish Mines
 39683 | D:9      | Reached skill level 10 in Summonings
 40497 | Orc:2    | Entered Level 2 of the Orcish Mines
 40702 | Orc:2    | Identified Sif Muna's Tome of Lethal Summoning (Sif Muna
                  | gifted it to you on level 2 of the Orcish Mines)
 40702 | Orc:2    | Received a gift from Sif Muna
 40725 | Orc:2    | Gained mutation: You are weak. (Str -2) [a neqoxec]
 41090 | Orc:1    | Learned a level 6 spell: Shadow Creatures
 41179 | Orc:2    | Found a staircase to the Elven Halls.
 41653 | Orc:2    | Found Korghos's Food Shoppe.
 41653 | Orc:2    | Found Iciomi's Book Shop.
 41943 | Orc:2    | Bought a book of Minor Magic for 260 gold pieces
 42055 | Orc:2    | Found a roughly hewn altar of Beogh.
 42084 | Orc:2    | Found Jaetih's Antique Armour Shoppe.
 42084 | Orc:2    | Found Hyeraite's Antique Weapon Shop.
 43425 | Orc:2    | Bought a runed robe for 122 gold pieces
 43445 | Orc:2    | Bought a pitted leather armour for 231 gold pieces
 43445 | Orc:2    | Bought a glowing cloak for 247 gold pieces
 43450 | Orc:2    | Identified the cursed +1 leather armour of Joy {*Drain MP+9
                  | Str+4 Int+2} (You bought it in a shop on level 2 of the
                  | Orcish Mines)
 43480 | Orc:2    | Bought a faintly glowing whip for 210 gold pieces
 43480 | Orc:2    | Identified the +6 whip of Evil {freeze, Str+4} (You bought
                  | it in a shop on level 2 of the Orcish Mines)
 43662 | Swamp:1  | Entered Level 1 of the Swamp
 44058 | Swamp:1  | Reached XP level 16. HP: 49/96 MP: 33/33
 44517 | D:12     | Learned a level 2 spell: Blink
 44607 | D:15     | Bought an uncursed ring of resist corrosion for 400 gold
                  | pieces
 44934 | Swamp:1  | Noticed Frances
 44943 | Swamp:1  | Killed Frances
 46858 | Swamp:2  | Noticed Roxanne
 47318 | Swamp:2  | Killed Roxanne
 47318 | Swamp:2  | Identified Keteng's Papyrus of Confrontation and
                  | Malediction (Sif Muna gifted it to you on level 2 of the
                  | Swamp)
 47318 | Swamp:2  | Received a gift from Sif Muna
 47883 | Swamp:3  | Noticed a thorn hunter
 47891 | Swamp:3  | Killed a thorn hunter
 49278 | Swamp:4  | Entered Level 4 of the Swamp
 49935 | Swamp:4  | Noticed the 27-headed Lernaean hydra
 50363 | Swamp:4  | HP: 4/96 [insubstantial wisp/static electricity (7)]
 51371 | Swamp:4  | Reached skill level 5 in Evocations
 51674 | Swamp:4  | Reached XP level 17. HP: 96/100 MP: 22/34
 51714 | Swamp:4  | HP: 1/100 [the 27-headed Lernaean hydra (10)]
 51714 | Swamp:4  | Slain by the 27-headed Lernaean hydra

Vault maps used:
D:1:      saegor_arrival_miasma
D:2:      minmay_tetromino_o2
D:3:      first_ration, minmay_gold_behind_fungi, uniq_terence, uniq_sigmund
D:4:      minitemple, portal_sewer_entry_e, uniq_menkaure
D:5:      minmay_temple_entry_statues_pillars, gammafunk_ghost_stat_death,
          grunt_dithmenos_smoke_and_mirrors, uniq_blork_the_orc
D:6:      gammafunk_temple_overflow_elements, uniq_prince_ribbit1, uniq_edmund,
          uniq_eustachio
D:7:      grunt_gozag_breadcrumbs
D:9:      david_orc_3, hangedman_pestilent_swarm, uniq_erica
D:10:     serial_shops, shop, onia_ninara_cookie
D:11:     minmay_misc_feat_cross, uniq_josephine
D:12:     minmay_more_statues, uniq_kirke, uniq_nessos
D:13:     minmay_guarded_unrand_prune, uniq_maurice
D:14:     david_vaults_5, gammafunk_ghost_grave, basic_altar,
          nicolae_lava_and_water
D:15:     grunt_enter_depths_hoard, nicolae_ru_path_of_blood, serial_shops,
          shop, nicolae_shop_crystal, shop
Lair:1:   wad_woods_road_05
Lair:2:   minmay_swamp_entry_swarm, dummy_spider_entry
Lair:4:   gammafunk_mikee_crab_dinner
Lair:6:   gammafunk_lair_ancient_temple, nicolae_slime_entry_slimehenge,
          nicolae_volcano_entry_lava_flow, ebering_ghost_reflecting_pool,
          lemuel_old_faithful
Swamp:1:  evilmike_swamp_ruin_rubble_1, uniq_frances
Swamp:2:  evilmike_swamp_ruin_house_2, uniq_roxanne
Swamp:3:  nicolae_swamp_fairy_circle
Swamp:4:  grunt_swamp_rune_castle
Orc:2:    st_orc_town

Skill      XL: |  1  2  3  4  5  6  7  8  9 10 11 12 13 14 15 16 |
---------------+-------------------------------------------------+-----
Spellcasting   | 2 4 8 10 12 13 | 13.0
Conjurations   | 1 3 4 5 8 9 12 | 12.0
Poison Magic   | 3 |  3.0
Dodging        | 2 4 5 6 8 11 13 14 | 14.0
Air Magic      | 2 3 4 |  4.0
Fighting       | 3 4 8 9 |  9.0
Evocations     | 4 5 |  5.0
Necromancy     | 2 |  2.0
Summonings     | 4 6 9 11 13 | 13.3
Invocations    | 2 4 5 |  5.0
Hexes          | 1 |  1.0
Earth Magic    | 1 3 |  3.0
Translocations | 6 8 |  8.9
Short Blades   | |  2.6
Stealth        | |  1.3

Action                   |  1- 3 |  4- 6 |  7- 9 | 10-12 | 13-15 | 16-18 || total
-------------------------+-------+-------+-------+-------+-------+-------++-------
Melee: Short sword       |    34 |    36 |   257 |   637 |   423 |       ||  1387
       Flail             |       |       |       |    20 |       |       ||    20
       Staff             |       |       |       |     1 |       |    18 ||    19
       War axe           |       |       |       |       |   187 |       ||   187
       Scimitar          |       |       |       |       |    15 |    32 ||    47
       Hunting sling     |       |       |       |       |     1 |       ||     1
 Fire: Hunting sling     |       |       |    21 |   504 |   922 |       ||  1447
 Cast: Sting             |    58 |    70 |   126 |     4 |     1 |       ||   259
       Mephitic Cloud    |       |     1 |     6 |    27 |    61 |       ||    95
       Poisonous Vapours |       |       |    40 |    63 |     3 |       ||   106
       Animate Skeleton  |       |       |       |    18 |    47 |    29 ||    94
       Summon Lightning  |       |       |       |    28 |   165 |    52 ||   245
       Iskenderun's Myst |       |       |       |     3 |    32 |    25 ||    60
       Fulminant Prism   |       |       |       |       |    10 |       ||    10
       Apportation       |       |       |       |       |     4 |       ||     4
       Summon Forest     |       |       |       |       |    17 |     6 ||    23
       Stone Arrow       |       |       |       |       |     9 |   265 ||   274
Invok: Divine Energy     |       |       |       |     1 |     1 |       ||     2
       Stop Divine Energ |       |       |       |     1 |       |       ||     1
       Channel Magic     |       |       |       |       |       |     1 ||     1
 Abil: Evoke Blink       |       |       |       |     3 |    13 |     6 ||    22
       Evoke Invisibilit |       |       |       |       |       |     1 ||     1
Evoke: Wand              |     3 |     5 |    28 |    26 |     7 |    13 ||    82
       Lamp of fire      |       |       |       |     1 |       |       ||     1
       Phial of floods   |       |       |       |       |     2 |     2 ||     4
       Lightning rod     |       |       |       |       |     1 |       ||     1
       Sack of spiders   |       |       |       |       |     1 |       ||     1
       Phantom mirror    |       |       |       |       |       |     1 ||     1
  Use: Potion            |     3 |       |     2 |       |     4 |       ||     9
       Scroll            |       |       |     8 |    14 |    30 |     7 ||    59
 Stab: Sleeping          |     1 |       |     1 |     4 |     3 |       ||     9
       Paralysed         |       |       |     1 |       |       |     2 ||     3
       Confused          |       |       |       |    21 |     2 |       ||    23
       Distracted        |       |       |       |     2 |    11 |     2 ||    15
  Eat: Chunk             |     7 |     7 |    27 |    44 |    81 |    27 ||   193
       Ration            |       |       |       |       |     1 |       ||     1
Armor: Robe              |     9 |     5 |    31 |     1 |    14 |       ||    60
       Steam dragon scal |       |       |       |   123 |   197 |    60 ||   380
       Leather armour    |       |       |       |       |    18 |       ||    18
Dodge: Dodged            |    47 |    51 |   297 |  1284 |  1632 |   320 ||  3631
       Rpst.: Scimitar   |       |       |       |       |     4 |    20 ||    24

Table legend:
 A = Non-vault XP
 B = Vault XP
 C = Vault XP percentage of total XP
 D = Non-vault monster count
 E = Vault monster count
 F = Vault count percentage of total count
                 A         B        C        D         E       F
            +---------+---------+-------+---------+---------+-------
      Total |  108168 |   44506 |  29.2 |     701 |     190 |  21.3
            +---------+---------+-------+---------+---------+-------
        D:1 |      33 |       0 |   0.0 |      21 |       0 |   0.0
        D:2 |      64 |       1 |   1.5 |      19 |       1 |   5.0
        D:3 |     402 |     261 |  39.4 |      40 |       2 |   4.8
        D:4 |     301 |     196 |  39.4 |      15 |       9 |  37.5
        D:5 |     731 |     409 |  35.9 |      20 |       6 |  23.1
        D:6 |     367 |     488 |  57.1 |       8 |       2 |  20.0
        D:7 |     464 |       0 |   0.0 |      12 |       0 |   0.0
        D:8 |    1635 |       0 |   0.0 |      18 |       0 |   0.0
        D:9 |    2177 |    1671 |  43.4 |      19 |      10 |  34.5
       D:10 |    2636 |    1241 |  32.0 |      35 |      10 |  22.2
       D:11 |    5704 |     947 |  14.2 |      35 |       5 |  12.5
       D:12 |    1423 |    2516 |  63.9 |      34 |       6 |  15.0
       D:13 |    6215 |    4476 |  41.9 |      44 |       9 |  17.0
       D:14 |    9450 |    3322 |  26.0 |      34 |       6 |  15.0
       D:15 |   12072 |    1629 |  11.9 |      41 |       3 |   6.8
     Lair:1 |    3779 |     301 |   7.4 |      23 |       3 |  11.5
     Lair:2 |    4142 |     238 |   5.4 |      20 |       2 |   9.1
     Lair:3 |    2424 |       0 |   0.0 |      13 |       0 |   0.0
     Lair:4 |    2719 |    1621 |  37.4 |      12 |       3 |  20.0
     Lair:5 |    4368 |     720 |  14.2 |      24 |       3 |  11.1
     Lair:6 |   11601 |    5690 |  32.9 |      57 |      22 |  27.8
    Swamp:1 |    5769 |    1638 |  22.1 |      18 |       1 |   5.3
    Swamp:2 |    8799 |    1684 |  16.1 |      18 |       1 |   5.3
    Swamp:3 |   10312 |     920 |   8.2 |      26 |       1 |   3.7
    Swamp:4 |    5710 |   11108 |  66.0 |      20 |      29 |  59.2
      Orc:1 |    2423 |     155 |   6.0 |      38 |       1 |   2.6
      Orc:2 |    2448 |    3274 |  57.2 |      37 |      55 |  59.8
            +---------+---------+-------+---------+---------+-------
